 Dungeon Crawl Stone Soup version 0.29.1-1-gd02db6906a (webtiles) character file.

Game seed: 11320352537040663794

400 groovy9 the Cleaver (level 6, -2/51 HPs)
             Began as a Minotaur Fighter on Sept 28, 2022.
             Slain by a hellwing (4 damage)
             ... on level 1 of the Abyss.
             The game lasted 00:09:41 (3630 turns).

groovy9 the Cleaver (Minotaur Fighter)              Turns: 3630, Time: 00:09:41

Health: -2/51      AC:  9    Str: 22    XL:     6   Next: 54%
Magic:  5/5        EV: 10    Int:  5    God:
Gold:   141        SH:  4    Dex: 10    Spells: 5/5 levels left

rFire   . . .      SeeInvis .   a - +1 war axe
rCold   . . .      Faith    .   c - +0 buckler
rNeg    . . .      Spirit   .   g - +4 ring mail
rPois   .          Reflect  .   (helmet restricted)
rElec   .          Harm     .   (no cloak)
rCorr   .          Rampage  .   (no gloves)
Will    .....                   (no boots)
Stlth   ..........              (no amulet)
HPRegen 0.17/turn               (no ring)
MPRegen 0.09/turn               (no ring)

@: about to teleport
A: horns 2, retaliatory headbutt
a: no special abilities


You were on level 1 of the Abyss.
You visited 1 branch of the dungeon, and saw 4 of its levels.
You visited the Abyss 1 time.

You collected 260 gold pieces.
You spent 119 gold pieces at shops.

Inventory:

Hand Weapons
 a - a +1 war axe (weapon)
Armour
 c - a +0 buckler (worn)
 g - a +4 ring mail (worn)
 r - a +1 kite shield
Jewellery
 n - a ring of magical power
Scrolls
 b - a scroll of enchant weapon
 m - a scroll of amnesia
Potions
 d - a potion of might
 e - 2 potions of flight
 f - a potion of attraction {unknown}
 h - a potion of ambrosia {unknown}
 i - a potion of brilliance {unknown}
 j - 2 potions of heal wounds {unknown}
 k - 2 potions of berserk rage {unknown}
 l - a potion of lignification {unknown}
 p - a potion of mutation {unknown}
 q - 2 potions of resistance {unknown}
 s - a potion of magic {unknown}


   Skills:
 - Level 3.6 Fighting
 + Level 8.5 Axes
 - Level 3.6 Armour
 - Level 3.6 Shields


You had 5 spell levels left.
You didn't know any spells.
Your spell library contained the following spells:

 Spells                   Type           Power      Damage    Failure   Level
 Slow                     Hex            0%         N/A       73%         1
 Confusing Touch          Hex            0%         N/A       97%         3
 Summon Guardian Golem    Hex/Summ       0%         N/A       97%         3
 Vampiric Draining        Necr           0%         2d6       97%         3
 Airstrike                Air            0%         2d(0-16)  100%        4
 Summon Lightning Spire   Summ/Air       0%         N/A       100%        4
 Lightning Bolt           Conj/Air       0%         1d11      100%        5
 Orb of Destruction       Conj           0%         9d5       100%        7
 Spellforged Servitor     Conj/Summ      0%         N/A       100%        7


Dungeon Overview and Level Annotations

Branches:
Dungeon (4/15)
 Temple: D:4-7

Altars:
Ru
Sif Muna
Xom
Zin

Shops:
D:3 ***   D:4 *

Annotations:
D:4 Edmund


Innate Abilities, Weirdness & Mutations

You have a pair of horns on your head.
You reflexively headbutt those who attack you in melee.


Message History

The jelly is lightly wounded.
The jelly closely misses you. You furiously retaliate!
You headbutt the jelly. You slash the jelly!
You kill the jelly!
Found a corrupted altar of Lugonu.
You are no longer corroded.
A starcursed mass comes into view.
A starcursed mass splits.
A starcursed mass splits. x2
A chorus of shrieks assaults your mind.
A starcursed mass splits.
A starcursed mass splits.
A starcursed mass splits.
A deafening chorus of shrieks assaults your mind!
You suddenly lose the ability to move!
You can move again.
A red draconian comes into view. It is wielding a +0 glaive.
The red draconian roars!
The hellwing swoops through the air toward you!
The hellwing hits you. The hellwing barely misses you.
You hit the hellwing. You headbutt the hellwing.
The hellwing is moderately wounded.
The hellwing hits you!
* * * LOW HITPOINT WARNING * * *
The hellwing completely misses you. The hellwing hits you.
* * * LOW HITPOINT WARNING * * *
The hellwing closely misses you.
A smoke demon comes into view.
A chorus of shrieks assaults your mind.
* * * LOW HITPOINT WARNING * * *
Okay, then.
As you read the scroll of teleportation, it crumbles to dust.
You feel strangely unstable.
You feel the power of the Abyss delaying your translocation!
The smoke demon roars!
The hellwing hits you.
* * * LOW HITPOINT WARNING * * *
The hellwing hits you.
You die...

.. .. ... ..#
#.. #..
.##3.##..
........# . .
...# #.. #.##
##..##4@#
......d..####
........##..
.##..##.#.#
.##. ##.. #
......X...##
.......X##.#
.##..##X#.#.#
.##..##.X.#...


You could see 3 starcursed masses, a red draconian, a hellwing and a smoke
demon.

Vanquished Creatures
  Sigmund (D:4)
  2 jellies
  2 iguanas (D:4)
  5 adders
  3 worms
  3 dart slugs
  2 orcs (D:4)
  5 ball pythons
  6 bats
  2 endoplasms
  2 goblins
  12 hobgoblins
  5 jackals
  7 kobolds
  4 quokkas
  2 frilled lizards
  4 rats (D:1)
67 creatures vanquished.

Notes
Turn   | Place    | Note
-------+----------+-------------------------------------------
     0 | D:1      | groovy9 the Minotaur Fighter began the quest for the Orb.
     0 | D:1      | Reached XP level 1. HP: 19/19 MP: 0/0
    41 | D:1      | Found a faded altar of an unknown god.
    48 | D:1      | Reached skill level 3 in Axes
   162 | D:1      | Reached XP level 2. HP: 20/26 MP: 1/1
   498 | D:1      | Reached skill level 4 in Axes
   594 | D:1      | Reached XP level 3. HP: 30/31 MP: 2/2
  1226 | D:2      | Reached skill level 5 in Axes
  1308 | D:2      | Reached XP level 4. HP: 39/39 MP: 3/3
  1683 | D:3      | Found Yviom's Assorted Antiques.
  1692 | D:3      | Bought a scroll labelled NOTIK COSKOA for 22 gold pieces
  1692 | D:3      | Bought a scroll labelled CAYTZE MAOMUPT for 22 gold pieces
  1692 | D:3      | Bought a glowing pink potion for 19 gold pieces
  1943 | D:3      | Found Ugozair's General Store.
  2269 | D:3      | Found a shimmering blue altar of Sif Muna.
  2327 | D:3      | Found Daalyde's Assorted Antiques.
  2335 | D:3      | Bought a fizzy puce potion for 18 gold pieces
  2335 | D:3      | Bought a scroll labelled WEUZIGAAMI for 20 gold pieces
  2335 | D:3      | Bought a smoky purple potion for 18 gold pieces
  2432 | D:3      | Found a sacrificial altar of Ru.
  2433 | D:3      | Found a shimmering altar of Xom.
  2637 | D:4      | Found a glowing silver altar of Zin.
  2637 | D:4      | Found Zin's Purification Station.
  2651 | D:4      | Reached skill level 6 in Axes
  2794 | D:4      | Reached XP level 5. HP: 45/45 MP: 4/4
  2964 | D:4      | Noticed Sigmund
  3015 | D:4      | Killed Sigmund
  3016 | D:4      | Reached skill level 8 in Axes
  3016 | D:4      | Reached XP level 6. HP: 12/51 MP: 5/5
  3373 | D:4      | Noticed Edmund
  3463 | Abyss:1  | Cast into level 1 of the Abyss (orc)
  3586 | Abyss:1  | Noticed a glowing orange brain
  3598 | Abyss:1  | Found a corrupted altar of Lugonu.
  3608 | Abyss:1  | Noticed a starcursed mass
  3617 | Abyss:1  | Paralysed by accursed screaming for 1 turns
  3618 | Abyss:1  | Noticed a hellwing
  3625 | Abyss:1  | Noticed a red draconian
  3629 | Abyss:1  | Noticed a smoke demon
  3630 | Abyss:1  | HP: 2/51 [hellwing (4)]
  3630 | Abyss:1  | Slain by a hellwing

Illustrated notes

Levels and vault maps discovered:
D:1:      lemuel_arrival_muddy, layout_rooms,
          hellmonk_ecumenical_altar_pennies_from_heaven, moated_statue,
          minmay_domino_2
D:2:      layout_rooms, corexii_leaking_fountain, dk_vineyard_2,
          minmay_misc_feat_four_crosses, chequers_serial_rivers_marsh
D:3:      layout_basic, mainiacjoe_overflow_alcove_2,
          gammafunk_temple_overflow_pools, serial_shops, shop_coins, shop,
          nicolae_shop_advertising_works [nicolae_subvault_shop_adworks]
D:4:      layout_loops_ring, zin_purify, uniq_sigmund, uniq_edmund
Abyss:1:  base:
D:4

Skill      XL: |  1  2  3  4  5 |
---------------+----------------+-----
Axes           | 3 4 5 6 8 |  8.5
Fighting       | |  3.6
Armour         | |  3.6
Shields        | |  3.6

Action                   |  1- 3 |  4- 6 || total
-------------------------+-------+-------++-------
Melee: War axe           |    99 |    64 ||   163
       Headbutt          |    14 |     7 ||    21
  Use: Potion            |     1 |     3 ||     4
       Scroll            |       |    10 ||    10
Armor: Scale mail        |    50 |     3 ||    53
       Ring mail         |       |    22 ||    22
Dodge: Dodged            |    46 |    33 ||    79
Block: Buckler           |    18 |    15 ||    33
